 Dungeon Crawl Stone Soup version 0.25-a0-690-g234afa5 (webtiles) character file.

Game seed: 4644235746660688972, levelgen mode: deterministic

8320 robertstho the Grappler (level 11, -1/107 HPs)
             Began as a Troll Fighter on Mar 30, 2020.
             Slain by a yak (4 damage)
             ... while petrified by a basilisk
             ... on level 10 of the Dungeon.
             The game lasted 00:16:30 (7479 turns).

robertstho the Grappler (Troll Fighter)             Turns: 7479, Time: 00:16:31

Health: -1/107     AC:  9    Str: 27    XL:     11   Next: 8%
Magic:  10/10      EV:  1    Int:  5    God:
Gold:   356        SH:  0    Dex: 10    Spells: 10/10 levels left

rFire    . . .     SeeInvis .     - Unarmed
rCold    . . .     Gourm    +   b - +0 kite shield
rNeg     + + +     Faith    .   I - +0 troll leather armour
rPois    ∞         Spirit   .   (helmet restricted)
rElec    .         Reflect  .   f - +0 cloak
rCorr    .         Harm     .   (gloves unavailable)
MR       .....                  (boots unavailable)
Stlth    +.........             (no amulet)
HPRegen  1.07/turn              (no ring)
MPRegen  0.12/turn              (no ring)

@: petrified
A: large, unfitting armour, claws 3, fast metabolism 3, gourmand, regeneration
1, shaggy fur 1, tough skin 3
a: no special abilities


You were on level 10 of the Dungeon.
You were completely stuffed.

You visited 1 branch of the dungeon, and saw 10 of its levels.
You also visited: Sewer.

You collected 507 gold pieces.
You spent 151 gold pieces at shops.

Inventory:

Hand Weapons
 A - a +2 vorpal scimitar
Missiles
 y - 6 large rocks (quivered)
Armour
 b - a +0 kite shield (worn)
 f - a +0 cloak (worn)
 B - +0 steam dragon scales
 I - a +0 troll leather armour (worn)
Jewellery
 a - a +3 ring of strength {unknown}
 E - an uncursed ring of protection from magic {unknown}
 G - an uncursed amulet of guardian spirit {unknown}
Wands
 e - a wand of digging (5)
 C - a wand of polymorph (14)
 D - a wand of random effects (19)
Scrolls
 j - 4 scrolls of magic mapping
 k - 2 scrolls of amnesia
 l - 2 scrolls of teleportation {unknown}
 m - a scroll of enchant armour {unknown}
 o - 6 scrolls of remove curse
 p - a scroll of fog {unknown}
 q - 6 scrolls of identify
 u - a scroll of noise {unknown}
 v - 3 scrolls of blinking {unknown}
 w - a scroll of holy word {unknown}
 z - a scroll of fear {unknown}
Potions
 c - a potion of might
 g - 7 potions of curing
 h - 2 potions of invisibility
 i - 5 potions of flight
 n - 3 potions of haste
 r - 2 potions of stabbing
 s - 2 potions of heal wounds
 t - 2 potions of lignification
 x - 2 potions of magic {unknown}
 F - a potion of brilliance
Comestibles
 d - 20 rations
 H - 4 chunks of flesh


   Skills:
 * Level 6.9 Fighting
 * Level 8.0 Dodging
 + Level 1.2 Stealth
 + Level 6.1 Shields
 + Level 10.5 Unarmed Combat


You had 10 spell levels left.
You didn't know any spells.
Your spell library was empty.

Dungeon Overview and Level Annotations

Branches:
Dungeon (10/15)            Temple (0/1) D:4            Lair (0/6) D:10
  Sewer (visited)
    Orc: D:9-12

Altars:
Cheibriados
Elyvilon
Fedhas
Gozag
Okawaru
Sif Muna
Trog
Wu Jian
Xom

Shops:
D:7 *   D:10 [

Annotations:
D:5 3 runed translucent doors, wotkd0121004's ghost, novice OpEE
D:8 exclusion: obsidian statue


Innate Abilities, Weirdness & Mutations

You are too large for most types of armour.
You have claws for hands.
Your metabolism is lightning-fast.
You like to eat raw meat.
Your natural rate of healing is unusually fast.
You are covered in fur. (AC +1)
You have extremely tough skin. (AC +3)


Message History

* * * LOW HITPOINT WARNING * * *
The crocodile bites you.
* * * LOW HITPOINT WARNING * * *
The iguana bites you but does no damage.
The basilisk bites you. The hippogriff bites you!
* * * LOW HITPOINT WARNING * * *
The hippogriff pecks you.
* * * LOW HITPOINT WARNING * * *
The hippogriff claws you. The yak gores you!
* * * LOW HITPOINT WARNING * * *
The crocodile bites you but does no damage.
The iguana bites you but does no damage.
The basilisk bites you.
* * * LOW HITPOINT WARNING * * *
The hippogriff bites you.
* * * LOW HITPOINT WARNING * * *
The hippogriff completely misses you. The hippogriff claws you.
* * * LOW HITPOINT WARNING * * *
The yak gores you!
You die...

#........#,,,,,,,,,,,,,,,*#....
#.....##.#,,,,,,,,,,,,,,,*#....
#.....##.#,,,,,,,****,+***#####
#........#,,,,,,,***,,,***,,,,,
#.......>#,<,,,,,**,,.,,**,,,,,
#........#,,,,,,,*,.P.,,,*,****
#.#####..#######+#.P..,,,*,*
#.# #........t......,,,,,* #.#
#.......@H.....!,,,,,*
#.#####......lYl.....>,,,,,*
#.........####........,,,,,****
#.....................,,,,,,,,,
#........#########..P.,,,*****+
#........#,,,,,,,*....,,,**,,,,
#.######.#,,,,,,,**...,,***,,,,
#.######.#,,,,,,,***..,** *,,,,
#........#,****,,,**,,** *,,,*


You could see a hippogriff, a yak, a basilisk, a crocodile and an iguana.

Vanquished Creatures
  A two-headed ogre (D:8)
  A cyclops (D:7)
  Psyche (D:8)
  Maurice (D:8)
  An ice statue (D:8)
  A komodo dragon (D:7)
  A troll (D:10)
  Prince Ribbit (D:7)
  A slime creature (D:7)
  2 hippogriffs
  Grinder (D:6)
  A spriggan (D:9)
  An acid dragon (D:7)
  2 water moccasins
  5 orc warriors
  A sky beast (D:7)
  An ice beast (D:6)
  5 phantoms
  5 ogres
  3 centaurs
  3 big kobolds
  5 bullfrogs
  2 wyvern zombies (D:9)
  4 killer bees (D:9)
  3 howler monkeys (D:7)
  6 wights (D:7)
  A crimson imp (D:6)
  A quasit (D:6)
  2 bullfrog zombies
  6 orc priests
  3 hounds
  A jelly (D:7)
  A centaur skeleton (D:8)
  2 bullfrog skeletons (D:7)
  Jessica (D:3)
  9 orc wizards
  Ijyb (D:3)
  5 iguanas
  9 worker ants
  2 hound zombies
  Robin (D:2)
  4 gnolls (D:6)
  4 river rats (Sewer)
  12 adders
  A shadow imp (D:7)
  An adder zombie (D:6)
  An adder skeleton (D:4)
  4 worms
  7 leopard geckos
  31 orcs
  7 ball pythons
  6 giant cockroaches
  17 goblins
  4 hobgoblins
  7 jackals
  4 quokkas
  5 bats
  6 frilled lizards
  A jackal skeleton (D:4)
  21 kobolds
  2 quokka zombies
  25 rats
274 creatures vanquished.

Vanquished Creatures (others)
  A quokka (D:4)
  9 plants (D:6)
10 creatures vanquished.

Grand Total: 284 creatures vanquished

Notes
Turn   | Place    | Note
-------+----------+-------------------------------------------
     0 | D:1      | robertstho the Troll Fighter began the quest for the Orb.
     0 | D:1      | Reached XP level 1. HP: 22/22 MP: 0/0
   302 | D:1      | Reached XP level 2. HP: 29/29 MP: 1/1
   582 | D:2      | Noticed Robin
   623 | D:2      | Reached XP level 3. HP: 33/36 MP: 2/2
   630 | D:2      | Killed Robin
   662 | D:2      | Found a snail-covered altar of Cheibriados,
   673 | D:2      | Found a shimmering altar of Xom,
   986 | D:2      | Reached XP level 4. HP: 44/44 MP: 3/3
  1047 | D:2      | Found an opulent altar of Gozag,
  1626 | D:3      | Reached skill level 3 in Unarmed Combat
  1649 | D:3      | Noticed Ijyb
  1678 | D:3      | Killed Ijyb
  1678 | D:3      | Reached XP level 5. HP: 41/53 MP: 4/4
  1725 | D:3      | Noticed Jessica
  1736 | D:3      | Killed Jessica
  2167 | D:4      | Reached skill level 4 in Unarmed Combat
  2271 | D:4      | Found a white marble altar of Elyvilon,
  2339 | D:4      | Found a staircase to the Ecumenical Temple,
  2357 | D:4      | Noticed an ogre
  2367 | D:4      | Killed an ogre
  2367 | D:4      | Reached XP level 6. HP: 55/61 MP: 5/5
  2406 | D:4      | Found a shimmering blue altar of Sif Muna,
  2711 | D:5      | Entered Level 5 of the Dungeon
  2805 | D:5      | Reached skill level 5 in Unarmed Combat
  2805 | D:5      | Reached XP level 7. HP: 65/68 MP: 6/6
  3032 | D:5      | Noticed wotkd0121004's ghost (novice OpEE)
  3033 | D:5      | Found a runed translucent gate,
  3037 | D:5      | Found a runed translucent gate,
  3037 | D:5      | Found a runed translucent gate,
  3267 | D:6      | Reached XP level 8. HP: 39/78 MP: 7/7
  3428 | D:6      | Reached skill level 6 in Unarmed Combat
  3435 | D:6      | Found a glowing drain,
  3458 | Sewer    | Entered a sewer
  4051 | D:6      | Found a blossoming altar of Fedhas,
  4066 | D:6      | Reached skill level 5 in Dodging
  4091 | D:6      | Found a shimmering altar of Xom,
  4155 | D:6      | Reached skill level 7 in Unarmed Combat
  4302 | D:6      | Noticed Grinder
  4316 | D:6      | Paralysed by Grinder for 6 turns
  4331 | D:6      | Killed Grinder
  4721 | D:7      | Reached XP level 9. HP: 85/87 MP: 8/8
  4919 | D:7      | Found a blossoming altar of Fedhas,
  4965 | D:7      | Reached skill level 5 in Fighting
  4978 | D:7      | Found an ornate altar of the Wu Jian Council,
  4984 | D:7      | Noticed a cyclops
  4992 | D:7      | Reached skill level 8 in Unarmed Combat
  4999 | D:7      | Noticed Prince Ribbit
  5006 | D:7      | Killed a cyclops
  5014 | D:7      | Noticed a komodo dragon
  5029 | D:7      | HP: 4/88 [komodo dragon (24)]
  5036 | D:7      | Killed a komodo dragon
  5048 | D:7      | Reached skill level 5 in Shields
  5060 | D:7      | HP: 4/88 [Prince Ribbit (16)]
  5159 | D:7      | Found Aturpheta's Assorted Antiques,
  5188 | D:7      | Bought a scroll labeled FAULUCLIUXE for 17 gold pieces
  5188 | D:7      | Bought a bubbling inky potion for 15 gold pieces
  5188 | D:7      | Bought a scroll labeled QOPNOU TATAEP for 17 gold pieces
  5188 | D:7      | Bought a scroll labeled FAULUCLIUXE for 17 gold pieces
  5188 | D:7      | Bought a scroll labeled IRAYTA IJOPAUSO for 17 gold pieces
  5188 | D:7      | Bought a scroll labeled NIAXAFRATZ for 17 gold pieces
  5188 | D:7      | Bought a potion of curing for 51 gold pieces
  5393 | D:7      | Reached skill level 9 in Unarmed Combat
  5463 | D:7      | Reached XP level 10. HP: 50/98 MP: 9/9
  5654 | D:7      | Killed Prince Ribbit
  5903 | D:8      | Reached skill level 1 in Stealth
  5903 | D:8      | Noticed Psyche
  5908 | D:8      | Noticed a two-headed ogre
  6012 | D:8      | Killed a two-headed ogre
  6040 | D:8      | Found a bloodstained altar of Trog,
  6090 | D:8      | Noticed Maurice
  6093 | D:8      | Killed Psyche
  6106 | D:8      | Killed Maurice
  6175 | D:8      | Noticed an obsidian statue
  6196 | D:8      | Reached skill level 10 in Unarmed Combat
  6434 | D:8      | Noticed an ice statue
  6450 | D:8      | Killed an ice statue
  6498 | D:8      | Found an iron altar of Okawaru,
  6987 | D:9      | Reached XP level 11. HP: 83/107 MP: 10/10
  7112 | D:10     | Entered Level 10 of the Dungeon
  7235 | D:10     | Found Wecvucawk's Armour Boutique,
  7463 | D:10     | Found a staircase to the Lair,
  7479 | D:10     | HP: 4/107 [hippogriff (3)]
  7479 | D:10     | Slain by a yak

Levels and vault maps discovered:
D:1:      saegor_arrival_simple_a, layout_basic
D:2:      layout_basic, old_standard_altar, cheibriados_altar_1,
          overflow_temple_1_default, minmay_misc_feat_plants, uniq_robin
D:3:      layout_basic, chequers_serial_rivers_small_b, kennysheep_another_room,
          uniq_ijyb, uniq_jessica
D:4:      layout_rooms, led_sif_book, elyvilon_altar_4,
          minmay_temple_entry_arrows
D:5:      layout_basic, first_ration, gammafunk_ghost_split
D:6:      layout_loops_corners, fedhas_altar_decomposition,
          portal_sewer_entry_f, chequers_serial_rivers_marsh, xom_teletrap_fun,
          uniq_grinder
D:7:      minmay_the_grid_octo_2x2 [minmay_the_grid_octo_vomiting_pacman,
          minmay_the_grid_octo_chip, minmay_the_grid_octo_odd_swirl,
          minmay_the_grid_octo_prize_square_snowflake], layout_cave_pods,
          serial_shops, shop, nrook_campfire, uniq_prince_ribbit1
D:8:      minmay_separated_statues, layout_basic, old_standard_altar,
          kennysheep_mini, uniq_psyche, uniq_maurice
D:9:      layout_rooms, the_bakery
D:10:     layout_stronghold, david_lair_generic, serial_shops,
          nicolae_shop_trees, kennysheep_generic_room_9

Skill      XL: |  1  2  3  4  5  6  7  8  9 10 11 |
---------------+----------------------------------+-----
Dodging        | 3 4 5 6 7 8 |  8.0
Unarmed Combat | 3 4 5 7 9 10 | 10.5
Fighting       | 3 4 5 6 |  6.9
Shields        | 3 4 5 6 |  6.1
Stealth        | 1 |  1.2

Action                   |  1- 3 |  4- 6 |  7- 9 | 10-12 || total
-------------------------+-------+-------+-------+-------++-------
Melee: Unarmed           |   116 |   186 |   421 |   280 ||  1003
  Use: Potion            |       |       |     8 |     1 ||     9
       Scroll            |       |       |     6 |     3 ||     9
 Stab: Distracted        |     1 |       |       |     1 ||     2
       Sleeping          |       |       |     1 |     1 ||     2
  Eat: Chunk             |    15 |    17 |    25 |    18 ||    75
Armor: Robe              |    44 |    44 |   100 |       ||   188
       Steam dragon scal |       |       |    13 |    72 ||    85
       Troll leather arm |       |       |       |    30 ||    30
Dodge: Dodged            |    45 |    48 |   151 |   113 ||   357
Block: Kite shield       |    50 |    61 |   187 |   123 ||   421

Table legend:
 A = Non-vault XP
 B = Vault XP
 C = Vault XP percentage of total XP
 D = Non-vault monster count
 E = Vault monster count
 F = Vault count percentage of total count
                 A         B        C        D         E       F
            +---------+---------+-------+---------+---------+-------
      Total |    7375 |    4511 |  38.0 |     185 |      89 |  32.5
            +---------+---------+-------+---------+---------+-------
        D:1 |      16 |       0 |   0.0 |      10 |       0 |   0.0
        D:2 |      57 |      39 |  40.6 |      18 |      13 |  41.9
        D:3 |      92 |      73 |  44.2 |      21 |       2 |   8.7
        D:4 |     299 |       0 |   0.0 |      16 |       0 |   0.0
        D:5 |     436 |       0 |   0.0 |      15 |       0 |   0.0
        D:6 |    1278 |     268 |  17.3 |      28 |       5 |  15.2
        D:7 |    1025 |    2368 |  69.8 |      25 |      17 |  40.5
        D:8 |    2384 |    1330 |  35.8 |      30 |       3 |   9.1
        D:9 |    1128 |     215 |  16.0 |      18 |       1 |   5.3
       D:10 |     660 |       0 |   0.0 |       4 |       0 |   0.0
      Sewer |       0 |     218 | 100.0 |       0 |      48 | 100.0
            +---------+---------+-------+---------+---------+-------
